 Dungeon Crawl Stone Soup version 0.27-a0-457-gba82baf56e (webtiles) character file.

Game seed: 7371357922544989194

121 Nattfarinn the Skirmisher (level 4, -9/39 HPs)
             Began as a Demonspawn Abyssal Knight on Feb 28, 2021.
             Was a Believer of Lugonu.
             Killed by divine providence
             ... invoked by an orc priest
              (14 damage)
             ... on level 3 of the Dungeon.
             The game lasted 00:04:26 (2702 turns).

Nattfarinn the Skirmisher (DsAK)                    Turns: 2702, Time: 00:04:27

Health: -9/39      AC: 11    Str: 12    XL:     4   Next: 76%
Magic:  5/5        EV: 11    Int: 15    God:    Lugonu [**....]
Gold:   85         SH:  0    Dex: 12    Spells: 3/3 levels left

rFire    . . .     SeeInvis .   a - +1 falchion
rCold    . . .     Faith    .   (no shield)
rNeg     . . .     Spirit   .   j - +0 leather armour
rPois    .         Reflect  .   (no helmet)
rElec    .         Harm     .   (no cloak)
rCorr    .         Rampage  .   e - +0 pair of gloves
Will     .....                  u - +0 pair of boots
Stlth    +.........             (no amulet)
HPRegen  0.13/turn              i - +4 ring of protection
MPRegen  0.09/turn              (no ring)

@: no status effects
A: claws 1, yellow scales 1, demonic magic 1
a: Renounce Religion, Depart the Abyss, Bend Space


You were on level 3 of the Dungeon.
You worshipped Lugonu.
Lugonu was pleased with you.
You visited 1 branch of the dungeon, and saw 3 of its levels.
You visited the Abyss 1 time.

You collected 85 gold pieces.

Inventory:

Hand Weapons
 a - a +1 falchion (weapon)
Armour
 b - a +0 leather armour
 e - a +0 pair of gloves (worn)
 j - a +0 leather armour (worn)
 u - a +0 pair of boots (worn)
Jewellery
 i - a +4 ring of protection (left hand)
Wands
 p - a wand of flame (15)
Scrolls
 d - a scroll of magic mapping {unknown}
 f - a scroll of blinking {unknown}
 h - a scroll of enchant weapon {unknown}
 l - 2 scrolls of identify {unknown}
 n - 5 scrolls of teleportation {unknown}
 q - a scroll of fog {unknown}
Potions
 c - a potion of attraction {unknown}
 g - a potion of mutation {unknown}
 k - a potion of haste {unknown}
 m - a potion of might {unknown}
 o - a potion of curing
 r - a potion of heal wounds {unknown}
 s - a potion of ambrosia {unknown}
 t - a potion of invisibility {unknown}
 v - a potion of degeneration {unknown}


   Skills:
 * Level 5.5 Fighting
 - Level 1.7 Long Blades
 - Level 1.7 Armour
 - Level 0.8 Dodging
 - Level 2.4 Invocations


You had 3 spell levels left.
You didn't know any spells.
Your spell library was empty.

Dungeon Overview and Level Annotations

Branches:
Dungeon (3/15)

Altars:
Ru


Innate Abilities, Weirdness & Mutations

You have sharp fingernails.
You are partially covered in yellow scales. (AC +2)
Spells you cast may paralyse adjacent enemies.


Message History

You are too injured to fight recklessly!
You are too injured to fight recklessly!
You are too injured to fight recklessly!
You are too injured to fight recklessly!
You are too injured to fight recklessly!
You are too injured to fight recklessly!
You are too injured to fight recklessly!
You are too injured to fight recklessly!
You are too injured to fight recklessly!
You are too injured to fight recklessly!
You are too injured to fight recklessly!
You are too injured to fight recklessly!
You are too injured to fight recklessly!
You are too injured to fight recklessly!
You are too injured to fight recklessly!
You are too injured to fight recklessly!
You are too injured to fight recklessly!
You are too injured to fight recklessly!
You are too injured to fight recklessly!
You are too injured to fight recklessly!
You are too injured to fight recklessly!
You are too injured to fight recklessly!
You are too injured to fight recklessly!
You are too injured to fight recklessly!
You are too injured to fight recklessly!
You are too injured to fight recklessly!
Unknown command.
You are too injured to fight recklessly!
You hit the orc priest.
The orc priest is lightly wounded.
You hit the orc priest.
The orc priest is lightly wounded.
You hit the orc priest but do no damage.
The orc priest is lightly wounded.
The orc priest mumbles some strange prayers to Beogh against you.
Beogh smites you!
* * * LOW HITPOINT WARNING * * *
The orc priest mumbles some strange prayers to Beogh against you.
Beogh smites you!
You die...

#### .....
...(.########
.....'o#....# ..
(....#o#....#...
##
.....oo@....'...
.#
#######.....#..
.# #..#### .#
##.# .# #.## .#
#..# .# ##.## .#
#..# .#
##.######


You could see an orc priest and 3 orcs.

Vanquished Creatures
  3 gnolls (D:3)
  An adder (D:3)
  An ooze (D:1)
  A worm (D:3)
  3 dart slugs
  4 leopard geckos (D:2)
  4 orcs (D:3)
  2 ball pythons
  4 bats
  3 giant cockroaches
  5 hobgoblins
  4 jackals
  A quokka (D:2)
  3 frilled lizards
  9 goblins
  7 kobolds
  2 rats
57 creatures vanquished.

Notes
Turn   | Place    | Note
-------+----------+-------------------------------------------
     0 | Abyss:1  | Nattfarinn the Demonspawn Abyssal Knight began the quest
                  | for the Orb.
     0 | Abyss:1  | Reached XP level 1. HP: 18/18 MP: 2/2
    39 | Abyss:1  | Found a corrupted altar of Lugonu.
   123 | Abyss:1  | Noticed a spatial maelstrom
   123 | Abyss:1  | Noticed a spatial vortex
   123 | Abyss:1  | Noticed a spatial vortex
   124 | Abyss:1  | Noticed a spatial vortex
   127 | D:1      | Escaped the Abyss
   130 | D:1      | Noticed a centaur
   132 | D:1      | Noticed a human
   132 | D:1      | Noticed a demigod
   134 | D:1      | Noticed a dwarf
   136 | D:1      | Noticed a troll
   136 | D:1      | Noticed a gargoyle
   138 | D:1      | Noticed a halfling
   138 | D:1      | Noticed a vampire
   140 | D:1      | Noticed a demonspawn
   140 | D:1      | Noticed a merfolk
   142 | D:1      | Noticed a minotaur
   142 | D:1      | Noticed an octopode
   144 | D:1      | Noticed an elf
   144 | D:1      | Noticed a draconian
   146 | D:1      | Noticed a tengu
   146 | D:1      | Noticed a ghoul
   148 | D:1      | Noticed a vine stalker
   150 | D:1      | Noticed an ogre
   150 | D:1      | Noticed a felid
   152 | D:1      | Noticed a formicid
   152 | D:1      | Noticed a spriggan
   154 | D:1      | Noticed a naga
   451 | D:1      | Gained mutation: Spells you cast may paralyse adjacent
                  | enemies. [demonic ancestry]
   451 | D:1      | Reached XP level 2. HP: 24/24 MP: 3/3
   969 | D:1      | Reached skill level 4 in Fighting
  1168 | D:1      | Gained mutation: You are partially covered in yellow
                  | scales. (AC +2) [demonic ancestry]
  1168 | D:1      | Reached XP level 3. HP: 30/30 MP: 4/4
  1437 | D:2      | Reached ** piety under Lugonu
  1463 | D:2      | Found a sacrificial altar of Ru.
  2223 | D:3      | Reached skill level 5 in Fighting
  2223 | D:3      | Gained mutation: You have sharp fingernails. [demonic
                  | ancestry]
  2223 | D:3      | Reached XP level 4. HP: 35/39 MP: 5/5
  2702 | D:3      | Killed from afar by an orc priest

Illustrated notes

Levels and vault maps discovered:
D:1:      kb_arrival_jail, layout_loops_corners
D:2:      layout_loops_ring, nicolae_ru_sacrificial_ziggurat
D:3:      layout_basic

Skill      XL: |  1  2  3 |
---------------+----------+-----
Fighting       | 4 5 |  5.5
Long Blades    | |  1.7
Armour         | |  1.7
Dodging        | |  0.8
Invocations    | |  2.4

Action                   |  1- 3 |  4- 6 || total
-------------------------+-------+-------++-------
Melee: Falchion          |   141 |    53 ||   194
Armor: Leather armour    |    65 |    23 ||    88
Dodge: Dodged            |    86 |    35 ||   121
       Rpst.: Falchion   |    27 |    15 ||    42

Table legend: (Time is in decaauts)
 A = Elapsed time spent in this place.
 B = Non-inter-level travel time spent in this place.
 C = Inter-level travel time spent in this place.
 D = Time resting spent in this place.
 E = Time spent auto-exploring this place.
 F = Levels seen in this place.
 G = Mean time per level.
                   A        B        C        D        E       F      G
               +--------+--------+--------+--------+--------+-----+--------+
         Total |   2742 |   2638 |    104 |    138 |   2060 |   4 |  685.5 |
       Dungeon |   2615 |   2511 |    104 |    138 |   1945 |   3 |  871.7 |
         Abyss |    127 |    127 |      0 |      0 |    115 |   1 |  127.0 |
               +--------+--------+--------+--------+--------+-----+--------+

Top non-repeatable levels by time:
     D:1: 1249 daAuts
     D:2: 835 daAuts
     D:3: 530 daAuts
 Abyss:1: 127 daAuts
